 Dungeon Crawl Stone Soup version 0.30-a0-743-gbfdf073431 (webtiles) character file.

Game seed: 12330855631908925803

39 mopl the Sneak (level 3, 0/18 HPs)
             Began as a Vine Stalker Brigand on Feb 7, 2023.
             Succumbed to an adder's poison
             ... on level 2 of the Dungeon.
             The game lasted 00:01:17 (701 turns).

mopl the Sneak (Vine Stalker Brigand)                Turns: 701, Time: 00:01:18

Health: 0/18       AC:  3    Str: 13    XL:     3   Next: 47%
Magic:  3/4        EV: 11    Int: 11    God:
Gold:   60         SH:  0    Dex: 17    Spells: 2/2 levels left

rFire   . . .      SeeInvis .    a - +2 dagger
rCold   . . .      Faith    .    (no shield)
rNeg    . . .      Spirit   +    b - +0 robe
rPois   .          Reflect  .    (no helmet)
rElec   .          Harm     .    c - +0 cloak
rCorr   .          Rampage  .    (no gloves)
Will    .....                    (no boots)
Stlth   +++                      (no amulet)
HPRegen 0.23/turn                i - ring of flight
MPRegen 0.09/turn                (no ring)

@: lethally poisoned (0 -> -9), flying
A: fangs 2, magic shield, antimagic bite, no potion heal 2
a: no special abilities


You were on level 2 of the Dungeon.
You visited 1 branch of the dungeon, and saw 2 of its levels.

You collected 60 gold pieces.

Inventory:

Hand Weapons
 a - a +2 dagger (weapon)
Missiles
 d - 9 poisoned darts (quivered)
 e - 3 curare-tipped darts
 h - 3 boomerangs
Armour
 b - a +0 robe (worn)
 c - a +0 cloak (worn)
 o - a +0 kite shield
Jewellery
 i - a ring of flight (left hand)
Scrolls
 g - a scroll of enchant weapon {unknown}
 j - 2 scrolls of enchant armour {unknown}
 l - 2 scrolls of teleportation {unknown}
 m - a scroll of fear {unknown}
 p - a scroll of summoning {unknown}
 q - a scroll of vulnerability {unknown}
 r - a scroll of acquirement {unknown}
Potions
 f - 3 potions of attraction {unknown}
 k - a potion of haste {unknown}
 n - 2 potions of berserk rage {unknown}


   Skills:
 + Level 2.1 Fighting
 * Level 2.4 Short Blades
 + Level 2.1 Throwing
 - Level 0.7 Dodging
 + Level 5.2 Stealth
 + Level 0.2 Shields


You had 2 spell levels left.
You didn't know any spells.
Your spell library was empty.

Dungeon Overview and Level Annotations

Branches:
Dungeon (2/15)

Altars:


Innate Abilities, Weirdness & Mutations

You have extremely sharp teeth.
When hurt, damage is shared between your health and your magic reserves.
Your bite disrupts and absorbs the magic of your enemies.
Potions cannot restore your health.


Message History

You hit the adder. Your bite misses the adder.
The adder is moderately wounded.
You feel sick. The adder barely misses you.
You barely miss the adder.
The adder is moderately wounded.
The bat hits you. The adder bites you.
You are more poisoned.
The adder poisons you!
You closely miss the adder.
The adder is moderately wounded.
You feel very sick. The bat barely misses you. The adder bites you.
You are lethally poisoned!
The adder poisons you!
You are too injured to fight recklessly!
You are too injured to fight recklessly!
You are too injured to fight recklessly!
You are too injured to fight recklessly!
You are too injured to fight recklessly!
You are too injured to fight recklessly!
You are too injured to fight recklessly!
You are too injured to fight recklessly!
You are too injured to fight recklessly!
You are too injured to fight recklessly!
You are too injured to fight recklessly!
You are too injured to fight recklessly!
You are too injured to fight recklessly!
You are too injured to fight recklessly!
The bat attacks as you move away! The bat barely misses you.
The adder attacks as you move away! The adder barely misses you.
You feel very sick. The bat hits you but does no damage.
The adder attacks as you move away! The adder barely misses you.
* * * LOW HITPOINT WARNING * * *
You feel very sick. The bat barely misses you. The adder closely misses you.
The adder attacks as you move away! The adder barely misses you.
The bat attacks as you move away! The bat hits you.
* * * LOW HITPOINT WARNING * * *
You die...

...##..........
#.#...........
.............
#...........
#..........
...###$B.#
(..>..Sb##
...####.# #
##.#####@##.#
...........#
#.#####.#### ##
##. #.# .# ...
###.# #.
#.##...# #..
#....###.#
.#.#####......#
#....#....#####


You could see an adder, a giant cockroach and a bat.

Vanquished Creatures
  5 ball pythons (D:1)
  2 endoplasms (D:1)
  3 goblins
  6 hobgoblins
  6 jackals (D:1)
  A quokka (D:1)
  2 bats (D:1)
  2 frilled lizards (D:1)
  4 kobolds
  3 rats
34 creatures vanquished.

Notes
Turn   | Place    | Note
-------+----------+-------------------------------------------
     0 | D:1      | mopl the Vine Stalker Brigand began the quest for the Orb.
     0 | D:1      | Reached XP level 1. HP: 11/11 MP: 2/2
    36 | D:1      | Reached skill level 2 in Short Blades
    46 | D:1      | Reached XP level 2. HP: 14/15 MP: 1/3
    50 | D:1      | Reached skill level 5 in Stealth
    64 | D:1      | Reached skill level 2 in Fighting
    64 | D:1      | Reached skill level 2 in Throwing
   209 | D:1      | Reached XP level 3. HP: 18/18 MP: 4/4
   701 | D:2      | Succumbed to an adder's poison

Illustrated notes

Levels and vault maps discovered:
D:1:      nzn_arrival_settlement, layout_rooms, serial_curves, eino_curves_01,
          eino_curves_01
D:2:      layout_loops_ring, uniq_crazy_yiuf_cottage

Skill      XL: |  1  2 |
---------------+-------+-----
Short Blades   | 2 |  2.4
Stealth        | 5 |  5.2
Fighting       | 2 |  2.1
Throwing       | 2 |  2.1
Dodging        | |  0.7
Shields        | |  0.2

Action                     || total
---------------------------++-------
  Melee: Dagger            ||    86
         Bite              ||    10
   Stab: Sleeping          ||     7
 Armour: Robe              ||    28
  Dodge: Dodged            ||    59

Table legend: (Time is in decaauts)
 A = Elapsed time spent in this place.
 B = Non-inter-level travel time spent in this place.
 C = Inter-level travel time spent in this place.
 D = Time resting spent in this place.
 E = Time spent auto-exploring this place.
 F = Levels seen in this place.
 G = Mean time per level.
                   A        B        C        D        E       F      G
               +--------+--------+--------+--------+--------+-----+--------+
         Total |    691 |    657 |     34 |      0 |    450 |   2 |  345.5 |
       Dungeon |    691 |    657 |     34 |      0 |    450 |   2 |  345.5 |
               +--------+--------+--------+--------+--------+-----+--------+

Top non-repeatable levels by time:
     D:1: 578 daAuts
     D:2: 112 daAuts
